 Dungeon Crawl Stone Soup version 0.29.1-2-gbd0b4ee654 (webtiles) character file.

Game seed: 16073282226866793575

43 xian the Trooper (level 3, -2/29 HPs)
             Began as a Demonspawn Abyssal Knight on Nov 17, 2022.
             Was a Priest of Lugonu.
             Slain by a black bear (11 damage)
             ... on level 2 of the Dungeon.
             The game lasted 00:03:38 (1610 turns).

xian the Trooper (Demonspawn Abyssal Knight)        Turns: 1610, Time: 00:03:39

Health: -2/29      AC:  7    Str: 15    XL:     3   Next: 37%
Magic:  5/5        EV: 10    Int: 11    God:    Lugonu [***...]
Gold:   49         SH:  0    Dex: 13    Spells: 2/2 levels left

rFire   . . .      SeeInvis .   j - +1 short sword (elec)
rCold   . . .      Faith    .   (no shield)
rNeg    . . .      Spirit   .   c - +0 ring mail
rPois   .          Reflect  .   (no helmet)
rElec   .          Harm     .   b - +1 cloak
rCorr   .          Rampage  .   (no gloves)
Will    .....                   (no boots)
Stlth   +.........              (no amulet)
HPRegen 0.09/turn               (no ring)
MPRegen 0.09/turn               (no ring)

@: no status effects
A: powered by pain 1
a: Renounce Religion, Depart the Abyss, Bend Space, Banish


You were on level 2 of the Dungeon.
You worshipped Lugonu.
Lugonu was most pleased with you.
You visited 1 branch of the dungeon, and saw 2 of its levels.
You visited the Abyss 1 time.

You collected 49 gold pieces.

Inventory:

Hand Weapons
 j - a +1 short sword of electrocution (weapon)
Missiles
 h - 3 poisoned darts (quivered)
Armour
 b - a +1 cloak (worn)
 c - a +0 ring mail (worn)
Scrolls
 f - a scroll of fear
 g - a scroll of blinking
Potions
 a - a potion of degeneration {unknown}
 e - a potion of curing {unknown}
 i - a potion of heal wounds {unknown}


   Skills:
 + Level 3.4 Fighting
 + Level 2.2 Short Blades
 + Level 2.3 Armour
 + Level 1.1 Dodging
 + Level 2.8 Invocations


You had 2 spell levels left.
You didn't know any spells.
Your spell library contained the following spells:

 Spells                   Type           Power      Damage    Failure   Level
 Freeze                   Ice            0%         1d3       56%         1
 Frozen Ramparts          Ice            0%         1d1       90%         3
 Hailstorm                Conj/Ice       0%         3d3       100%        4


Dungeon Overview and Level Annotations

Branches:
Dungeon (2/15)

Altars:


Innate Abilities, Weirdness & Mutations

You sometimes gain a little power by taking damage.


Message History

You hit the kobold.
You kill the kobold!
Lugonu accepts your kill.
You throw a poisoned dart. The poisoned dart hits the black bear.
The black bear bites you. The black bear barely misses you.
The black bear claws you but does no damage.
You throw a poisoned dart. The poisoned dart hits the black bear.
The black bear bites you but does no damage.
The black bear claws you but does no damage. x2
Unknown command.
You hit the black bear.
Lightning courses through the black bear!
The black bear is heavily wounded.
The black bear bites you but does no damage.
The black bear claws you but does no damage.
The black bear misses you.
You hit the black bear.
The black bear is heavily wounded.
The black bear bites you.
The black bear claws you but does no damage.
The black bear claws you.
You barely miss the black bear.
The black bear is heavily wounded.
The black bear barely misses you.
The black bear claws you but does no damage. x2
You hit the black bear.
The black bear is heavily wounded.
The black bear bites you. The black bear closely misses you. x2
You hit the black bear.
The black bear is severely wounded.
The black bear bites you.
The black bear claws you but does no damage.
The black bear claws you.
You hit the black bear.
The black bear is almost dead.
The black bear goes berserk!
You hit the black bear but do no damage.
The black bear is almost dead.
The black bear bites you!
You die...

########## ########.
.........##########........
......)..'.)).h@..'........
.(.......##########........
.........# #........
.........# #........
.....h...# #........
.........# #######........
....###### #..............
.... ##..............
#..........#....


You could see a black bear (berserk).

Vanquished Creatures
  2 dart slugs (D:1)
  3 bats (D:1)
  3 endoplasms
  2 giant cockroaches (D:1)
  2 hobgoblins (D:1)
  3 quokkas (D:1)
  4 ball pythons
  3 frilled lizards (D:1)
  A goblin (D:2)
  10 kobolds
  4 rats (D:1)
  A spectral kobold (D:1)
38 creatures vanquished.

Notes
Turn   | Place    | Note
-------+----------+-------------------------------------------
     0 | Abyss:1  | xian the Demonspawn Abyssal Knight began the quest for the
                  | Orb.
     0 | Abyss:1  | Reached XP level 1. HP: 18/18 MP: 2/2
     2 | Abyss:1  | Found a corrupted altar of Lugonu.
    94 | Abyss:4  | Noticed a hell knight
    98 | D:1      | Escaped the Abyss
   218 | D:1      | Found a faded altar of an unknown god.
   238 | D:1      | Reached skill level 1 in Dodging
   258 | D:1      | Gained mutation: You sometimes gain a little power by
                  | taking damage. [demonic ancestry]
   258 | D:1      | Reached XP level 2. HP: 18/24 MP: 3/3
  1089 | D:1      | Reached XP level 3. HP: 27/29 MP: 5/5
  1130 | D:1      | Reached *** piety under Lugonu
  1585 | D:2      | Noticed a black bear
  1610 | D:2      | Slain by a black bear

Illustrated notes

Levels and vault maps discovered:
D:1:      scummos_arrival_forest, layout_loops_ring,
          dreamdust_ecumenical_altar_drowned_temple
D:2:      layout_basic, serial_shops, shop, nicolae_shop_behind_doors

Skill      XL: |  1  2 |
---------------+-------+-----
Dodging        | 1 |  1.1
Short Blades   | 2 |  2.2
Armour         | 2 |  2.3
Fighting       | |  3.4
Invocations    | |  2.8

Action                   || total
-------------------------++-------
Melee: Short sword       ||   123
       Punch             ||     3
Throw: Dart              ||     2
  Use: Scroll            ||     4
Armor: Ring mail         ||    66
       Leather armour    ||     2
Dodge: Dodged            ||    63
